Map: Bel'Shir Vestige LE (Void)

Players

Bails - Winner!

  • Race: Protoss Protoss
  • Spawn Location: 11:00

jheffe

  • Race: Terran Terran
  • Spawn Location: 5:00

Event: WCS Austin 2017

VOD

Have the link to the VOD?

Description

Time

  • Played on: April 28, 2017, 2:53 p.m.
  • Length: 12:39

All games in this series

Show
View Real Time Build Order
Export as new Build Order

Bails Protoss - Winner!

Build Orders: 1 Gate Expand 

Get SALT Encoding   

  12  0:00  Probe (Chrono Boost)  
  13  0:11  Probe (Chrono Boost)  
  14  0:17  Pylon  
  14  0:22  Probe (Chrono Boost)  
  15  0:35  Probe (Chrono Boost)  
  16  0:36  Gateway  
  16  0:45  Probe (Chrono Boost)  
  16  0:47  Assimilator  
  17  0:56  Probe (Chrono Boost)  
  18  1:06  Probe (Chrono Boost)  
  19  1:17  Probe (Chrono Boost)  
  20  1:25  Nexus  
  20  1:35  Cybernetics Core  
  21  1:40  Probe (Chrono Boost)  
  21  1:44  Assimilator  
  21  1:50  Probe (Chrono Boost)  
  22  1:55  Pylon  
  22  2:01  Probe (Chrono Boost)  
  23  2:13  Mothership Core (Chrono Boost), Adept  
  27  2:16  Warp Gate  
  27  2:33  Robotics Facility  
  27  2:34  Probe (Chrono Boost)  
  28  2:40  Adept  
  28  2:41  Probe (Chrono Boost)  
  31  2:44  Probe (Chrono Boost)  
  32  2:52  Probe (Chrono Boost)  
  32  2:55  Probe (Chrono Boost)  
  32  2:56  Pylon  
  34  3:02  Probe (Chrono Boost)  
  36  3:05  Probe (Chrono Boost)  
  36  3:07  Adept  
  38  3:13  Probe (Chrono Boost)  
  38  3:16  Probe (Chrono Boost)  
  40  3:21  Robotics Bay  
  40  3:25  Warp Prism  
  44  3:34  Probe x2 (Chrono Boost)  
  44  3:43  Gateway  
  44  3:47  Gateway  
  44  3:52  Probe x2 (Chrono Boost)  
  46  3:58  Pylon  
  46  4:00  Assimilator  
  47  4:03  Gravitic Drive, Disruptor, Probe (Chrono Boost)  
  47  4:05  Probe (Chrono Boost)  
  51  4:17  Probe (Chrono Boost)  
  52  4:19  Pylon  
  52  4:21  Probe (Chrono Boost)  
  53  4:29  Probe (Chrono Boost)  
  53  4:30  Stalker  
  56  4:33  Probe (Chrono Boost)  
  56  4:35  Twilight Council  
  57  4:42  Probe (Chrono Boost)  
  57  4:44  Disruptor  
  57  4:45  Probe (Chrono Boost)  
  59  4:48  Assimilator  
  62  4:52  Pylon  
  62  4:58  Gateway x2  
  62  5:01  Pylon  
  62  5:02  Blink  
  62  5:07  Forge  
  62  5:09  Probe (Chrono Boost)  
  63  5:17  Observer  
  64  5:28  Pylon  
  64  5:29  Sentry  
  64  5:30  Adept x2  
  70  5:41  Nexus  
  70  5:42  Disruptor  
  70  5:44  Pylon  
  73  5:51  Adept x2  
  73  5:56  Adept  
  79  6:03  Pylon  
  78  6:11  Pylon  
  78  6:12  Adept x3  
  78  6:14  Stalker  
  78  6:15  Disruptor  
  89  6:31  Protoss Ground Weapons Level 1  
  71  6:34  Probe (Chrono Boost)  
  71  6:37  Stalker x4  
  80  6:45  Probe (Chrono Boost)  
  81  6:53  Probe (Chrono Boost)  
  82  6:58  Probe (Chrono Boost)  
  83  7:02  Stalker x4  
  83  7:07  Probe x2 (Chrono Boost)  
  93  7:10  Observer, Photon Cannon  
  93  7:11  Probe (Chrono Boost)  
  95  7:17  Resonating Glaives  
  95  7:19  Probe (Chrono Boost)  
  95  7:20  Probe (Chrono Boost)  
  95  7:21  Pylon  
  98  7:24  Probe (Chrono Boost)  
  98  7:30  Probe (Chrono Boost)  
  98  7:31  Probe (Chrono Boost)  
  98  7:36  Probe (Chrono Boost)  
  101  7:39  Stalker  
  101  7:40  Stalker x3  
  101  7:41  Probe (Chrono Boost)  
  110  7:49  Disruptor  
  114  7:57  Probe (Chrono Boost)  
  114  7:58  Assimilator  
  114  7:59  Assimilator  
  114  8:01  Probe (Chrono Boost)  
  114  8:03  Adept x5  
  114  8:05  Probe (Chrono Boost)  
  117  8:13  Probe (Chrono Boost)  
  117  8:19  Probe (Chrono Boost)  
  115  8:20  Pylon  
  115  8:21  Probe (Chrono Boost)  
  115  8:22  Disruptor  
  115  8:25  Probe (Chrono Boost)  
  116  8:28  Gateway x2  
  116  8:30  Probe (Chrono Boost)  
  116  8:32  Pylon  
  120  8:35  Pylon  
  120  8:38  Stalker x2, Pylon  
  124  8:42  Protoss Ground Armor Level 1  
  124  8:50  Pylon  
  124  8:52  Photon Cannon  
  124  8:53  Pylon, Adept x2  
  128  8:58  Disruptor  
  131  9:10  Robotics Facility  
  131  9:14  Photon Cannon  
  131  9:16  Photon Cannon  
  125  9:26  Adept x2  
  125  9:27  Adept x4  
  125  9:29  Disruptor  
  140  9:51  Pylon  
  140  9:54  Adept x3  
  140  9:59  Disruptor  
  144  10:00  Disruptor  
  144  10:05  Adept x4  
  155  10:20  Protoss Ground Armor Level 2  
  111  10:34  Disruptor  
  106  10:37  Nexus  
  106  10:38  Photon Cannon  
  106  10:39  Photon Cannon  
  103  10:44  Disruptor  
  103  10:45  Adept x4  
  103  10:46  Adept x3  
  117  10:55  Pylon  
  110  11:10  Stalker x2  
  110  11:11  Stalker x5  
  120  11:12  Disruptor  
  125  11:36  Disruptor  
  125  11:37  Stalker x2  
  125  11:38  Stalker x5  
  134  11:59  Photon Cannon  
  134  12:00  Observer  
  135  12:01  Adept x4  
  135  12:02  Adept x2  
  136  12:37  Stalker x6  
  136  12:38  Stalker  
Show
View Real Time Build Order
Export as new Build Order

jheffe Terran 

Build Orders: Reaper Expand, MMM Bio 

Get SALT Encoding   

  12  0:00  SCV  
  13  0:12  SCV  
  14  0:17  Supply Depot  
  14  0:25  SCV  
  14  0:27  Refinery  
  15  0:39  SCV  
  16  0:45  Barracks  
  16  0:51  SCV  
  17  1:03  SCV  
  18  1:15  SCV  
  19  1:33  Reaper  
  19  1:35  Orbital Command  
  20  1:48  Command Center  
  20  1:56  Factory  
  20  2:01  SCV  
  21  2:04  Refinery  
  21  2:08  Barracks Reactor  
  21  2:13  SCV  
  22  2:16  Supply Depot  
  22  2:25  SCV  
  23  2:38  SCV  
  23  2:42  Starport, Widow Mine  
  26  2:46  Marine x2  
  28  2:52  SCV  
  29  3:01  Orbital Command  
  29  3:04  SCV  
  30  3:10  Marine x2  
  30  3:11  Widow Mine  
  33  3:16  SCV  
  33  3:18  Medivac  
  36  3:23  Supply Depot  
  37  3:27  SCV  
  37  3:28  SCV  
  37  3:30  Marine  
  37  3:31  Marine  
  40  3:39  SCV  
  40  3:40  Factory Tech Lab, SCV  
  42  3:44  Barracks  
  42  3:51  SCV  
  42  3:52  SCV  
  42  3:55  Marine  
  45  3:56  Marine  
  45  3:57  Supply Depot  
  45  4:02  Siege Tank  
  49  4:03  SCV  
  49  4:04  SCV  
  51  4:12  Refinery  
  51  4:14  Marine x2  
  51  4:15  SCV  
  52  4:29  Barracks, SCV  
  53  4:31  Barracks Tech Lab  
  53  4:32  Marine x2  
  53  4:33  SCV  
  53  4:34  Siege Tank  
  59  4:41  SCV  
  59  4:45  SCV  
  59  4:49  Marine  
  59  4:50  Stimpack  
  59  4:51  Marine x2  
  62  4:53  Supply Depot x2  
  62  4:54  Starport Reactor  
  62  4:58  Engineering Bay  
  62  5:14  Marine x2, SCV x2  
  62  5:15  Marauder  
  65  5:22  Factory Reactor  
  65  5:26  SCV x2  
  65  5:28  Terran Infantry Weapons Level 1  
  67  5:29  Missile Turret  
  67  5:32  Missile Turret x2, Marine x2  
  69  5:39  SCV x2  
  69  5:42  Marauder x2  
  74  5:45  Combat Shields  
  74  5:51  SCV x2  
  76  5:58  Marine x2  
  77  6:13  Supply Depot  
  77  6:14  Barracks, SCV  
  77  6:16  Barracks  
  78  6:24  Marine  
  78  6:26  SCV  
  78  6:28  Marine  
  78  6:29  Marauder x2  
  76  6:33  Medivac  
  76  6:35  Medivac  
  76  6:36  Supply Depot  
  76  6:38  SCV  
  80  6:41  Supply Depot  
  80  6:42  Marine  
  80  6:45  Widow Mine x2  
  80  6:46  Marine  
  86  6:57  Liberator x2  
  86  6:58  Marauder x2  
  87  7:04  Barracks Reactor  
  87  7:05  Barracks Tech Lab  
  87  7:13  Marine x2  
  95  7:19  Supply Depot, Marauder x2  
  99  7:23  SCV  
  99  7:26  Marauder  
  99  7:28  Concussive Shells  
  99  7:45  Marine x2  
  99  7:46  Marauder x2, Marine  
  99  7:47  Marauder  
  99  7:51  Marine  
  108  7:55  Liberator  
  108  7:57  Liberator  
  109  8:12  Marauder  
  99  8:21  Command Center  
  99  8:22  Marauder x2  
  99  8:24  Terran Infantry Armor Level 1  
  103  8:35  Starport  
  103  8:39  Marauder, Marine x2  
  107  8:43  Marauder  
  108  8:51  Marauder  
  108  8:54  Supply Depot  
  108  8:55  Marine  
  111  9:00  Engineering Bay  
  111  9:01  Refinery  
  111  9:02  Armory  
  111  9:07  Liberator  
  110  9:10  Marine  
  110  9:11  Marauder x2  
  114  9:27  Medivac  
  114  9:29  Liberator, SCV  
  117  9:45  Marine x4  
  118  9:46  Marauder x3  
  123  10:03  Marine x3  
  123  10:05  Marine  
  124  10:07  Marauder x2, Marine  
  90  10:25  Marauder  
  90  10:26  Marine x2  
  76  10:29  Marauder  
  76  10:30  Marine x2  
  76  10:31  Marauder  
  57  10:43  Marine  
  57  10:44  Marine  
  57  10:46  Marauder  
  57  10:48  Marine x2  
  61  10:50  Marauder  
  61  10:52  Marauder  
  63  11:01  Marine x2  
  65  11:07  Orbital Command  
  65  11:08  Marauder  
  65  11:10  SCV  
  68  11:18  Marine x2  
  66  11:19  Marauder  
  70  11:30  SCV x2  
  72  11:36  Marine x3  
  75  11:41  SCV  
  75  11:42  SCV  
  75  11:52  Marine x4  
  73  11:55  SCV  
  74  12:05  Marine  
  73  12:08  Marine  
  73  12:09  Marine  
  73  12:10  Marauder x2  
  73  12:14  SCV x3  
Tags
 
Add a new tag
Caveats
  • Supply blocks, unpowered buildings, or Contaminate may cause inaccurate times.
  • Supply counts are checked every 10 seconds.